Map: [ESL] Goldenaura

Players

Firefly - Winner!

  • Race: Protoss Protoss
  • Spawn Location: 12:00

Nice

  • Race: Protoss Protoss
  • Spawn Location: 5:00

Event: ESL SC2 Masters 2023 Winter (Regional)

VOD

Have the link to the VOD?

Description

Time

  • Played on: Nov. 17, 2023, 6:33 a.m.
  • Length: 13:27

All games in this series

Show
View Real Time Build Order
Export as new Build Order

Firefly Protoss - Winner!

Build Orders: Phoenix Opening 

Get SALT Encoding   

  12  0:00  Probe  
  13  0:12  Probe  
  14  0:17  Pylon  
  14  0:24  Probe  
  15  0:35  Gateway  
  15  0:38  Probe (Chrono Boost)  
  16  0:48  Assimilator, Probe (Chrono Boost)  
  17  0:53  Probe (Chrono Boost)  
  18  0:59  Assimilator  
  18  1:04  Probe (Chrono Boost)  
  18  1:09  Gateway  
  19  1:15  Probe (Chrono Boost)  
  20  1:20  Probe (Chrono Boost)  
  21  1:25  Cybernetics Core  
  21  1:30  Probe  
  22  1:36  Pylon  
  22  1:43  Probe  
  23  1:55  Probe  
  24  2:02  Warp Gate, Adept x2  
  28  2:09  Pylon  
  28  2:14  Pylon  
  28  2:32  Stalker x2  
  32  2:58  Nexus  
  32  3:04  Shield Battery  
  32  3:07  Probe  
  32  3:11  Sentry  
  35  3:13  Sentry  
  38  3:21  Probe  
  38  3:30  Twilight Council  
  38  3:33  Probe  
  39  3:42  Phoenix  
  39  3:47  Probe  
  39  3:52  Pylon  
  39  4:00  Blink (Chrono Boost)  
  40  4:10  Probe (Chrono Boost)  
  40  4:11  Sentry, Stalker  
  40  4:16  Probe (Chrono Boost)  
  45  4:22  Probe (Chrono Boost)  
  46  4:25  Phoenix  
  46  4:28  Probe (Chrono Boost)  
  48  4:31  Probe (Chrono Boost)  
  48  4:35  Probe (Chrono Boost)  
  48  4:36  Stalker  
  48  4:37  Stalker  
  48  4:38  Probe (Chrono Boost)  
  54  4:40  Probe  
  55  4:48  Probe  
  56  4:53  Probe  
  56  4:55  Pylon  
  57  5:00  Probe  
  57  5:01  Stalker x2  
  62  5:08  Pylon  
  62  5:13  Probe  
  63  5:18  Forge  
  63  5:20  Robotics Facility  
  64  5:28  Probe  
  64  5:31  Probe  
  65  5:37  Nexus  
  65  5:39  Stalker x2  
  69  5:44  Pylon  
  67  5:58  Probe x2  
  67  5:59  Protoss Ground Weapons Level 1  
  67  6:01  Gateway  
  67  6:03  Gateway, Pylon  
  69  6:07  Stalker  
  69  6:10  Stalker  
  73  6:12  Probe  
  70  6:33  Observer (Chrono Boost)  
  70  6:35  Stalker, Pylon  
  70  6:36  Stalker  
  65  6:52  Probe x2  
  66  6:58  Stalker x2  
  70  7:04  Probe  
  71  7:12  Stalker  
  71  7:13  Zealot  
  73  7:23  Probe  
  73  7:27  Stalker  
  69  7:33  Probe  
  69  7:34  Stalker  
  69  7:35  Probe  
  69  7:36  Assimilator, Probe  
  74  7:39  Zealot  
  76  7:45  Probe  
  76  7:46  Stalker  
  79  7:54  Probe  
  74  8:01  Stalker  
  74  8:02  Probe  
  78  8:05  Probe  
  78  8:06  Probe  
  78  8:09  Shield Battery  
  79  8:14  Protoss Ground Weapons Level 2 (Chrono Boost), Probe  
  79  8:17  Photon Cannon, Probe  
  79  8:18  Probe  
  82  8:26  Probe  
  79  8:29  Stalker  
  79  8:30  Probe  
  78  8:41  Probe x2  
  78  8:44  Stalker x2  
  80  8:50  Stalker  
  80  8:55  Stalker  
  84  8:56  Probe  
  84  9:02  Probe  
  86  9:05  Probe  
  86  9:08  Probe, Stalker  
  90  9:10  Stalker  
  90  9:16  Observer, Probe  
  95  9:17  Probe  
  91  9:33  Probe, Stalker x2  
  91  9:34  Probe  
  91  9:38  Probe  
  94  9:44  Stalker x2  
  96  9:47  Gateway  
  96  9:49  Gateway  
  96  9:54  Probe x3  
  96  9:58  Gateway x2, Charge (Chrono Boost)  
  99  10:05  Pylon  
  99  10:06  Pylon  
  99  10:08  Pylon  
  89  10:22  Stalker x4  
  93  10:35  Protoss Ground Weapons Level 3 (Chrono Boost)  
  89  10:41  Pylon  
  89  10:43  Warp Prism (Chrono Boost)  
  89  10:46  Nexus  
  91  10:50  Pylon  
  91  10:56  Stalker x2  
  95  10:58  Zealot x2  
  95  11:02  Zealot, Stalker  
  103  11:11  Zealot, Stalker  
  107  11:19  Zealot x4  
  111  11:36  Zealot x4  
  105  11:42  Zealot x4  
  103  11:57  Stalker x4  
  103  11:59  Probe x3  
  114  12:02  Shield Battery  
  112  12:11  Zealot x4  
  94  12:23  Zealot x4  
  96  12:31  Probe x3  
  96  12:35  Stalker x4  
  107  12:42  Probe  
  107  12:43  Probe x3  
  111  12:50  Zealot x4  
  115  12:54  Probe  
  110  13:04  Zealot x4  
  112  13:10  Zealot x3  
Show
View Real Time Build Order
Export as new Build Order

Nice Protoss 

Build Orders: Oracle Opening 

Get SALT Encoding   

  12  0:00  Probe  
  13  0:12  Probe  
  14  0:20  Pylon  
  14  0:24  Probe (Chrono Boost)  
  15  0:39  Probe (Chrono Boost)  
  15  0:40  Gateway  
  16  0:44  Probe (Chrono Boost)  
  16  0:47  Assimilator  
  17  0:52  Assimilator  
  17  0:56  Probe  
  18  1:06  Gateway  
  18  1:09  Probe (Chrono Boost)  
  20  1:20  Probe (Chrono Boost)  
  20  1:25  Probe (Chrono Boost)  
  20  1:29  Cybernetics Core  
  21  1:35  Probe  
  22  1:41  Pylon  
  22  1:47  Probe  
  23  1:59  Probe  
  24  2:05  Stalker x2  
  24  2:08  Warp Gate  
  28  2:16  Pylon  
  28  2:22  Pylon  
  28  2:35  Stalker  
  30  2:38  Stalker  
  32  2:48  Stargate  
  32  3:20  Nexus  
  32  3:23  Shield Battery  
  32  3:30  Oracle (Chrono Boost)  
  35  3:40  Pylon  
  35  3:44  Shield Battery  
  35  3:46  Probe  
  36  3:57  Oracle (Chrono Boost)  
  36  3:58  Probe  
  40  4:10  Probe  
  40  4:13  Twilight Council  
  41  4:22  Probe (Chrono Boost)  
  42  4:34  Probe (Chrono Boost)  
  42  4:37  Probe (Chrono Boost)  
  44  4:42  Probe (Chrono Boost)  
  44  4:44  Probe (Chrono Boost)  
  46  4:49  Probe x2 (Chrono Boost)  
  46  4:50  Pylon  
  48  4:54  Dark Shrine, Blink (Chrono Boost)  
  48  5:00  Probe  
  48  5:01  Probe  
  50  5:08  Gateway  
  50  5:12  Probe  
  51  5:16  Probe  
  51  5:18  Pylon  
  51  5:20  Pylon  
  52  5:22  Shield Battery  
  52  5:25  Probe  
  52  5:26  Stalker  
  55  5:32  Stalker  
  55  5:33  Probe  
  58  5:39  Probe  
  59  5:45  Probe  
  60  5:56  Probe  
  61  5:58  Shield Battery  
  61  6:00  Assimilator, Probe  
  61  6:03  Pylon  
  62  6:06  Dark Templar x2  
  62  6:07  Shield Battery  
  62  6:09  Stalker  
  62  6:10  Probe  
  69  6:13  Probe  
  69  6:17  Pylon  
  57  6:33  Dark Templar  
  57  6:38  Probe x2  
  58  6:50  Probe x2  
  58  6:55  Nexus, Stalker x2  
  62  7:02  Probe  
  62  7:06  Pylon  
  63  7:10  Stalker  
  65  7:19  Stalker x2  
  69  7:28  Probe  
  69  7:29  Probe  
  68  7:30  Gateway  
  68  7:35  Stalker  
  70  7:39  Nexus  
  70  7:40  Probe  
  70  7:41  Probe  
  70  7:42  Stalker x2  
  76  7:52  Probe  
  76  7:53  Probe  
  76  7:54  Nexus  
  74  8:02  Stalker  
  74  8:04  Probe  
  74  8:05  Pylon  
  73  8:06  Forge  
  73  8:08  Probe  
  73  8:11  Stalker  
  76  8:16  Probe  
  77  8:20  Probe  
  77  8:24  Dark Templar  
  77  8:27  Stalker  
  77  8:28  Probe  
  77  8:33  Probe  
  76  8:38  Stalker x2  
  71  8:43  Protoss Ground Weapons Level 1 (Chrono Boost), Probe  
  71  8:45  Probe  
  72  8:49  Shield Battery  
  72  8:54  Stalker  
  72  8:55  Probe  
  72  8:58  Robotics Facility  
  72  9:02  Stalker  
  75  9:03  Probe  
  75  9:07  Stalker  
  78  9:11  Assimilator  
  78  9:15  Stalker  
  78  9:26  Stalker x2  
  80  9:34  Stalker  
  78  9:42  Immortal (Chrono Boost)  
  78  9:43  Stalker  
  82  9:49  Gateway  
  82  9:50  Stalker  
  82  9:51  Gateway  
  82  9:52  Stalker  
  86  9:54  Shield Battery  
  86  9:57  Stalker  
  88  10:02  Gateway  
  88  10:03  Gateway  
  88  10:09  Assimilator  
  88  10:10  Stalker  
  86  10:15  Observer  
  79  10:21  Observer, Stalker x2  
  79  10:23  Protoss Ground Weapons Level 2 (Chrono Boost)  
  79  10:27  Stalker  
  83  10:33  Shield Battery  
  83  10:37  Pylon  
  83  10:40  Zealot  
  85  10:44  Immortal (Chrono Boost)  
  89  10:52  Adept x2  
  89  10:53  Stalker  
  89  10:56  Observer  
  91  10:58  Stalker  
  91  10:59  Stalker  
  95  11:04  Zealot x2, Stalker  
  101  11:12  Observer (Chrono Boost)  
  101  11:16  Pylon  
  102  11:22  Nexus  
  101  11:26  Stalker  
  101  11:27  Stalker x2  
  103  11:35  Charge  
  92  11:41  Zealot x4  
  92  11:42  Zealot  
  92  11:50  Stalker x2  
  94  11:55  Observer  
  94  11:56  Stalker  
  97  12:04  Stalker x3  
  103  12:10  Observer  
  103  12:12  Stalker  
  97  12:20  Zealot x3, Stalker  
  94  12:30  Sentry  
  94  12:32  Stalker  
  98  12:40  Stalker  
  100  12:50  Stalker x2  
  100  12:51  Stalker x3  
  99  13:04  Zealot x3  
  85  13:13  Dark Templar  
  85  13:14  Dark Templar, Zealot x2  
Tags
 
Add a new tag
Caveats
  • Supply blocks, unpowered buildings, or Contaminate may cause inaccurate times.
  • Supply counts are checked every 10 seconds.